 Dungeon Crawl Stone Soup version 0.28.0-1-gb440e238dd (webtiles) character file.

Game seed: 1515251283984135764

134 Ablot the Grasshopper (level 5, -8/43 HPs)
             Began as a Gnoll Warper on Feb 22, 2022.
             Mangled by a gnoll (9 damage)
             ... on level 4 of the Dungeon.
             The game lasted 00:08:04 (4318 turns).

Ablot the Grasshopper (Gnoll Warper)                Turns: 4318, Time: 00:08:05

Health: -8/43      AC: 10    Str: 12    XL:     5   Next: 17%
Magic:  12/12      EV: 11    Int: 12    God:
Gold:   53         SH:  0    Dex: 12    Spells: 12/14 levels left

rFire   . . .      SeeInvis .   a - +0 trident
rCold   . . .      Faith    .   (no shield)
rNeg    . . .      Spirit   .   b - +4 ring mail
rPois   .          Reflect  .   v - +0 helmet
rElec   .          Harm     .   (no cloak)
rCorr   .          Rampage  .   (no gloves)
Will    .....                   (no boots)
Stlth   +.........              (no amulet)
HPRegen 0.14/turn               (no ring)
MPRegen 0.13/turn               (no ring)

@: no status effects
A: fangs 1, strong nose, distributed training
a: no special abilities


You were on level 4 of the Dungeon.
You visited 1 branch of the dungeon, and saw 4 of its levels.

You collected 195 gold pieces.
You spent 142 gold pieces at shops.

Inventory:

Hand Weapons
 a - a +0 trident (weapon)
 f - a +0 vampiric short sword
Missiles
 d - 4 boomerangs of dispersal
 e - 62 stones
 j - 15 arrows
 n - 3 javelins (quivered)
 q - 2 poisoned darts
 t - 2 bolts
Armour
 b - a +4 ring mail (worn)
 v - a +0 helmet (worn)
Magical Staves
 s - a staff of cold
 y - a staff of earth
Scrolls
 c - a scroll of blinking
 g - a scroll of brand weapon {unknown}
 h - 2 scrolls of immolation {unknown}
 k - 3 scrolls of teleportation {unknown}
 l - a scroll of fear {unknown}
 r - 5 scrolls of identify {unknown}
 u - 2 scrolls of enchant weapon {unknown}
 w - a scroll of enchant armour {unknown}
Potions
 i - 2 potions of heal wounds {unknown}
 m - 2 potions of mutation {unknown}
 o - 3 potions of curing
 p - a potion of haste {unknown}
 x - a potion of brilliance {unknown}
 z - a potion of flight {unknown}
 A - a potion of lignification {unknown}
 B - a potion of berserk rage {unknown}


   Skills:
 + Level 4.7 Fighting
 + Level 1.4 Short Blades
 + Level 1.4 Long Blades
 + Level 1.4 Axes
 + Level 1.4 Maces & Flails
 + Level 4.7 Polearms
 + Level 1.4 Staves
 + Level 1.4 Slings
 + Level 1.4 Bows
 + Level 1.4 Crossbows
 + Level 2.9 Throwing
 + Level 2.9 Armour
 + Level 4.7 Dodging
 + Level 1.4 Stealth
 + Level 1.4 Shields
 + Level 1.4 Unarmed Combat
 + Level 5.1 Spellcasting
 + Level 1.1 Conjurations
 + Level 1.1 Hexes
 + Level 1.1 Summonings
 + Level 1.1 Necromancy
 + Level 5.5 Translocations
 + Level 1.1 Transmutations
 + Level 1.1 Fire Magic
 + Level 1.1 Ice Magic
 + Level 1.1 Air Magic
 + Level 1.1 Earth Magic
 + Level 1.1 Poison Magic
 + Level 1.5 Invocations
 + Level 1.4 Evocations


You had 12 spell levels left.
You knew the following spells:

 Your Spells              Type           Power      Damage    Failure   Level
a - Blink                 Tloc           32%        N/A       7%          2

Your spell library contained the following spells:

 Spells                   Type           Power      Damage    Failure   Level
 Gell's Gravitas          Tloc           16%        N/A       13%         3
 Lesser Beckoning         Tloc           16%        N/A       13%         3
 Teleport Other           Tloc           16%        N/A       13%         3
 Manifold Assault         Tloc           16%        N/A       77%         5


Dungeon Overview and Level Annotations

Branches:
Dungeon (4/15)
 Temple: D:4-7

Altars:
Dithmenos
Nemelex Xobeh
Qazlal

Shops:
D:1 [**

Annotations:
D:4 Dowan, Duvessa


Innate Abilities, Weirdness & Mutations

You have very sharp teeth.
Your uncanny sense of smell can sniff out nearby items.
Your experience applies equally to all skills.


Message History

You puncture the gnoll!
The gnoll is almost dead.
The gnoll barely misses you. The gnoll hits you but does no damage.
The giant cockroach bites you but does no damage.
The gnoll hits you with a +0 flail!
You hit the gnoll.
The gnoll is almost dead.
The gnoll hits you but does no damage.
The giant cockroach bites you but does no damage.
The jelly jiggles.
The gnoll barely misses you.
You barely miss the gnoll. Your bite misses the gnoll.
The gnoll is almost dead.
The giant cockroach bites you but does no damage.
The gnoll hits you but does no damage. The gnoll hits you with a +0 flail.
The giant cockroach barely misses you. The gnoll misses you.
You hit the gnoll but do no damage.
The gnoll is almost dead.
The giant cockroach bites you but does no damage.
The gnoll hits you but does no damage. x2
You closely miss the gnoll.
The gnoll is almost dead.
The giant cockroach closely misses you. The gnoll closely misses you. x2
You barely miss the gnoll.
The gnoll is almost dead.
The giant cockroach closely misses you. The gnoll hits you with a +0 flail.
* * * LOW HITPOINT WARNING * * *
The gnoll hits you but does no damage.
The giant cockroach bites you but does no damage.
Unknown command.
You hit the gnoll but do no damage.
The gnoll is almost dead.
The gnoll hits you with a +0 flail!
* * * LOW HITPOINT WARNING * * *
The gnoll hits you but does no damage. The giant cockroach barely misses you.
Unknown command.
The giant cockroach bites you.
* * * LOW HITPOINT WARNING * * *
The gnoll hits you with a +0 flail!
You die...

##<# ###... #.#...
###### ##..#.#
###.##.## ###......
##.......###.#......
#......#...#....##..
##...###.........#.#
##..@## #.........###
#....g###............
#$..Bg...............
###.g..####..........
##J..# ###......#.
##)#..# .....###.
..............
...##..... ..?..
.#...


You could see a jelly, 3 gnolls and a giant cockroach.

Vanquished Creatures
  Robin (D:2)
  A gnoll (D:3)
  3 adders
  A white imp (D:3)
  2 worms
  3 dart slugs
  An orc (D:2)
  3 ball pythons
  2 endoplasms
  4 giant cockroaches
  10 goblins
  9 hobgoblins
  4 jackals (D:3)
  6 kobolds
  5 bats
  6 frilled lizards
  4 rats
65 creatures vanquished.

Vanquished Creatures (others)
  A fungus (D:3)
  19 plants (D:3)
20 creatures vanquished.

Grand Total: 85 creatures vanquished

Notes
Turn   | Place    | Note
-------+----------+-------------------------------------------
     0 | D:1      | Ablot the Gnoll Warper began the quest for the Orb.
     0 | D:1      | Reached XP level 1. HP: 20/20 MP: 6/6
    26 | D:1      | Found Jaddim's Assorted Antiques.
   174 | D:1      | Found Leasid's Assorted Antiques.
   239 | D:1      | Reached XP level 2. HP: 20/26 MP: 7/7
   243 | D:1      | Learned a level 2 spell: Blink
   373 | D:1      | Found Fuatha's Antique Armour Shoppe.
   914 | D:1      | Bought a black potion for 17 gold pieces
   914 | D:1      | Bought a green potion for 17 gold pieces
  1050 | D:2      | Reached XP level 3. HP: 31/31 MP: 9/9
  1084 | D:2      | Reached skill level 5 in Spellcasting
  1113 | D:2      | Reached skill level 1 in Invocations
  1113 | D:2      | Noticed Robin
  1250 | D:1      | Reached skill level 1 in Short Blades
  1250 | D:1      | Reached skill level 1 in Long Blades
  1250 | D:1      | Reached skill level 1 in Axes
  1250 | D:1      | Reached skill level 1 in Maces & Flails
  1250 | D:1      | Reached skill level 1 in Staves
  1250 | D:1      | Reached skill level 1 in Slings
  1250 | D:1      | Reached skill level 1 in Bows
  1250 | D:1      | Reached skill level 1 in Crossbows
  1250 | D:1      | Reached skill level 1 in Stealth
  1250 | D:1      | Reached skill level 1 in Shields
  1250 | D:1      | Reached skill level 1 in Unarmed Combat
  1250 | D:1      | Reached skill level 1 in Evocations
  1257 | D:1      | Bought a scroll labelled TIGUOKK LAAMAOGG for 19 gold
                  | pieces
  1546 | D:2      | Found a sparkling altar of Nemelex Xobeh.
  1579 | D:2      | Reached XP level 4. HP: 29/38 MP: 11/11
  1902 | D:2      | Killed Robin
  2397 | D:1      | Bought a scroll labelled SUQAUW JOICEU for 19 gold pieces
  2403 | D:1      | Bought a scroll labelled WELIZO MENETI for 19 gold pieces
  2409 | D:1      | Bought an inky potion for 17 gold pieces
  2409 | D:1      | Bought a bubbling red potion for 17 gold pieces
  2612 | D:3      | Reached skill level 1 in Conjurations
  2612 | D:3      | Reached skill level 1 in Hexes
  2612 | D:3      | Reached skill level 1 in Summonings
  2612 | D:3      | Reached skill level 1 in Necromancy
  2612 | D:3      | Reached skill level 1 in Transmutations
  2612 | D:3      | Reached skill level 1 in Fire Magic
  2612 | D:3      | Reached skill level 1 in Ice Magic
  2612 | D:3      | Reached skill level 1 in Air Magic
  2612 | D:3      | Reached skill level 1 in Earth Magic
  2612 | D:3      | Reached skill level 1 in Poison Magic
  2750 | D:1      | Bought a smoky purple potion for 17 gold pieces
  2955 | D:3      | Found a stormy altar of Qazlal.
  3033 | D:3      | Found a shadowy altar of Dithmenos.
  3425 | D:3      | Found a faded altar of an unknown god.
  3598 | D:3      | Reached XP level 5. HP: 43/43 MP: 12/12
  4136 | D:4      | Noticed a black bear
  4142 | D:4      | Noticed Dowan
  4143 | D:4      | Noticed Duvessa
  4317 | D:4      | HP: 1/43 [giant cockroach (2)]
  4318 | D:4      | Mangled by a gnoll

Illustrated notes

Levels and vault maps discovered:
D:1:      ncdulo_smallfort, layout_loops_ring, serial_shops, shop,
          nicolae_shop_temple_entry_statues_fountains, shop
D:2:      layout_basic, basic_altar, minmay_pentomino_v4, uniq_robin
D:3:      layout_loops_corners, nicolae_overflow_hidden_temple,
          mainiacjoe_overflow_alcove_2, shapermc_ecumenical_altar_ellora,
          serial_bayou_pond_c
D:4:      layout_cave_pools, uniq_duvessa, uniq_crazy_yiuf_cottage

Skill      XL: |  1  2  3  4 |
---------------+-------------+-----
Spellcasting   | 5 |  5.1
Invocations    | 1 |  1.5
Short Blades   | 1 |  1.4
Long Blades    | 1 |  1.4
Axes           | 1 |  1.4
Maces & Flails | 1 |  1.4
Staves         | 1 |  1.4
Slings         | 1 |  1.4
Bows           | 1 |  1.4
Crossbows      | 1 |  1.4
Stealth        | 1 |  1.4
Shields        | 1 |  1.4
Unarmed Combat | 1 |  1.4
Evocations     | 1 |  1.4
Conjurations   | 1 |  1.1
Hexes          | 1 |  1.1
Summonings     | 1 |  1.1
Necromancy     | 1 |  1.1
Transmutations | 1 |  1.1
Fire Magic     | 1 |  1.1
Ice Magic      | 1 |  1.1
Air Magic      | 1 |  1.1
Earth Magic    | 1 |  1.1
Poison Magic   | 1 |  1.1
Fighting       | |  4.7
Polearms       | |  4.7
Throwing       | |  2.9
Armour         | |  2.9
Dodging        | |  4.7
Translocations | |  5.5

Action                   |  1- 3 |  4- 6 || total
-------------------------+-------+-------++-------
Melee: Spear             |   146 |       ||   146
       Bite              |    11 |    14 ||    25
       Trident           |       |   115 ||   115
       Punch             |       |     3 ||     3
Throw: Dart              |       |     3 ||     3
       Javelin           |       |     2 ||     2
       Boomerang         |       |     1 ||     1
 Cast: Blink             |     1 |       ||     1
 Stab: Sleeping          |     1 |       ||     1
Armor: Leather armour    |     8 |       ||     8
       Ring mail         |    88 |    67 ||   155
Dodge: Dodged            |    98 |    69 ||   167
